 Dungeon Crawl Stone Soup version 0.21.1-1-g345015fe64 (webtiles) character file.

198 JOKERXD40 the Chopper (level 5, -15/47 HPs)
             Began as a Hill Orc Fighter on June 25, 2018.
             Demolished by an ogre
             ... wielding a +0 giant spiked club
              (19 damage)
             ... on level 4 of the Dungeon.
             The game lasted 00:04:09 (1644 turns).

JOKERXD40 the Chopper (Hill Orc Fighter)            Turns: 1644, Time: 00:04:09

Health: -15/47     AC:  7    Str: 20    XL:     5   Next: 77%
Magic:  5/5        EV:  7    Int:  8    God:
Gold:   103        SH:  9    Dex: 10    Spells: 4/4 levels left

rFire    . . .     SeeInvis .   a - +1 war axe
rCold    . . .     Gourm    .   g - +0 shield
rNeg     . . .     Faith    .   b - +0 scale mail
rPois    .         Spirit   .   (no helmet)
rElec    .         Reflect  .   (no cloak)
rCorr    .         Harm     .   (no gloves)
MR       .....                  (no boots)
Stlth    ..........             n - amulet of rage
HPRegen  0.15/turn              (no ring)
MPRegen  0.09/turn              (no ring)

@: hasted, very quick
A: no striking features
a: Evoke Berserk Rage


You were on level 4 of the Dungeon.
You were hungry.

You visited 1 branch of the dungeon, and saw 4 of its levels.

You collected 103 gold pieces.

Inventory:

Hand Weapons
 a - a +1 war axe (weapon)
Armour
 b - a +0 scale mail (worn)
 g - a +0 shield (worn)
Jewellery
 n - an amulet of rage (around neck)
Scrolls
 h - 6 scrolls of remove curse
 i - a scroll of fog {unknown}
 j - a scroll of random uselessness {unknown}
 k - a scroll of fear {unknown}
 m - 2 scrolls of identify {unknown}
 q - a scroll of immolation {unknown}
 s - 2 scrolls of enchant weapon
 t - a scroll of amnesia {unknown}
Potions
 c - a potion of haste
 d - a potion of might
 e - 2 potions of curing {unknown}
 l - a potion of mutation {unknown}
 o - a potion of heal wounds {unknown}
 p - a potion of lignification {unknown}
 r - a potion of brilliance {unknown}
Comestibles
 f - 4 rations


   Skills:
 + Level 4.4 Fighting
 + Level 5.5 Axes
 + Level 3.9 Armour
 + Level 0.3 Dodging
 + Level 0.1 Stealth
 + Level 4.3 Shields


You had 4 spell levels left.
You didn't know any spells.

Dungeon Overview and Level Annotations

Branches:
Dungeon (4/15)
 Temple: D:4-7

Altars:
Hepliaklqana
Sif Muna
Vehumet


Message History

Ouch! That really hurt!
* * * LOW HITPOINT WARNING * * *
You feel yourself speed up.
The ogre hits you with a giant spiked club.
* * * LOW HITPOINT WARNING * * *
As you read the scroll labeled WILLUG EHOAHEN, it crumbles to dust.
It is a scroll of enchant weapon.
Your +0 war axe glows red for a moment.
You hit the ogre.
The ogre is moderately wounded.
You block the ogre's attack.
You completely miss the ogre.
The ogre is moderately wounded.
You block the ogre's attack.
You slash the ogre!
The ogre is severely wounded.
You barely miss the ogre.
The ogre is severely wounded.
The ogre hits you with a giant spiked club!!
You die...

......)....#
.........#.......
....###'###......
....#..†..#......
. #.....#..####
+.._..+..#
#.....# ..
#.....# #.#
####@###.#
#...O....#
#........#
#...?....#
............#
####........#
#...........
#........##.
####.#####


You could see an ogre.

Vanquished Creatures
  An ogre (D:3)
  A worker ant (D:4)
  2 adders
  A worm (D:2)
  3 leopard geckos
  A giant cockroach (D:4)
  12 goblins
  5 hobgoblins
  12 jackals
  A quokka (D:3)
  A ball python (D:2)
  4 bats (D:2)
  2 frilled lizards (D:1)
  9 kobolds
  6 rats
61 creatures vanquished.

Notes
Turn   | Place    | Note
-------+----------+-------------------------------------------
     0 | D:1      | JOKERXD40 the Hill Orc Fighter began the quest for the Orb.
     0 | D:1      | Reached XP level 1. HP: 19/19 MP: 1/1
     6 | D:1      | Noticed a black bear
     6 | D:1      | Noticed a redback
     6 | D:1      | Noticed a swamp worm
     7 | D:1      | Noticed an anaconda
     7 | D:1      | Noticed an eight-headed hydra
   110 | D:1      | Reached XP level 2. HP: 25/27 MP: 2/2
   118 | D:1      | Reached skill level 3 in Axes
   335 | D:1      | Reached XP level 3. HP: 32/33 MP: 3/3
   567 | D:2      | Reached skill level 4 in Axes
   596 | D:2      | Found a hazy altar of Hepliaklqana.
   693 | D:2      | Found a radiant altar of Vehumet.
   724 | D:2      | Reached XP level 4. HP: 40/40 MP: 4/4
  1373 | D:3      | Noticed an ogre
  1376 | D:3      | HP: 2/40 [ogre/giant club (22)]
  1377 | D:3      | Killed an ogre
  1377 | D:3      | Reached skill level 5 in Axes
  1377 | D:3      | Reached XP level 5. HP: 3/47 MP: 5/5
  1381 | D:3      | Noticed an ogre
  1616 | D:4      | Found a deep blue altar of Sif Muna.
  1631 | D:4      | Noticed an ogre
  1644 | D:4      | Demolished by an ogre

Skill      XL: |  1  2  3  4 |
---------------+-------------+-----
Axes           | 3 4 5 |  5.5
Fighting       | 4 |  4.4
Shields        | 4 |  4.3
Armour         | |  3.9
Dodging        | |  0.3
Stealth        | |  0.1

Action                   |  1- 3 |  4- 6 || total
-------------------------+-------+-------++-------
Melee: War axe           |    91 |    61 ||   152
  Use: Scroll            |       |     2 ||     2
       Potion            |       |     1 ||     1
  Eat: Chunk             |       |     2 ||     2
Armor: Scale mail        |    44 |    39 ||    83
Dodge: Dodged            |    36 |    25 ||    61
Block: Shield            |    49 |    38 ||    87
